 Dungeon Crawl Stone Soup version 0.29.1-15-g9cfb28693d (webtiles) character file.

Game seed: 4807952407951583280

1586 dombo the Cutter (level 8, -4/103 HPs)
             Began as a White Draconian Berserker on Mar 14, 2023.
             Was a Priest of Trog.
             Slain by a hound (6 damage)
             ... on level 6 of the Dungeon on Mar 15, 2023.
             The game lasted 00:24:55 (6323 turns).

dombo the Cutter (White Draconian Berserker)        Turns: 6323, Time: 00:24:55

Health: -4/103     AC: -6    Str: 22    XL:     8   Next: 61%
Magic:  8/8        EV: 14    Int:  7    God:    Trog [***...]
Gold:   240        SH:  5    Dex: 17    Spells: 7/7 levels left

rFire   . . .      SeeInvis .   D - +2 short sword (speed)
rCold   + . .      Faith    .   h - +0 buckler
rNeg    . . .      Spirit   .   (body armour unavailable)
rPois   .          Reflect  .   (helmet restricted)
rElec   .          Harm     .   y - +2 cloak {Stlth+}
rCorr   .          Rampage  .   (no gloves)
Will    .....                   s - +0 pair of boots
Stlth   ..........              a - amulet of the acrobat
HPRegen 0.27/turn               f - ring of flight
MPRegen 0.11/turn               C - +6 ring of dexterity

@: berserking, lethally poisoned (-4 -> -10), corroded, flying, very quick
A: breathe frost, AC +6, unfitting armour, cold resistance 1, cold-blooded
a: Breathe Frost, Renounce Religion, Berserk, Trog's Hand


You were on level 6 of the Dungeon.
You worshipped Trog.
Trog was most pleased with you.
You visited 1 branch of the dungeon, and saw 6 of its levels.

You collected 330 gold pieces.
You spent 90 gold pieces at shops.

Inventory:

Hand Weapons
 d - a +0 giant spiked club
 r - a +0 giant spiked club
 D - a +2 short sword of speed (weapon)
Missiles
 c - 4 large rocks
 u - 4 curare-tipped darts
 v - 17 stones
Armour
 h - a +0 buckler (worn)
 s - a +0 pair of boots (worn)
 y - a +2 cloak of stealth (worn)
Jewellery
 a - an amulet of the acrobat (around neck)
 f - a ring of flight (left hand)
 j - an amulet of magic regeneration
 o - a ring of positive energy
 w - a ring of protection from cold
 C - a +6 ring of dexterity (right hand)
Wands
 p - a wand of flame (32)
 t - a wand of polymorph (4)
Scrolls
 b - a scroll of enchant weapon {unknown}
 i - a scroll of immolation {unknown}
 k - 2 scrolls of fear {unknown}
 l - 5 scrolls of identify {unknown}
 m - 3 scrolls of noise {unknown}
 n - a scroll of fog {unknown}
Potions
 e - a potion of might {unknown}
 g - a potion of mutation {unknown}
 q - 3 potions of lignification
 B - a potion of haste {unknown}


   Skills:
 + Level 5.6 Fighting
 + Level 5.8 Short Blades
 + Level 5.0 Axes
 + Level 5.7 Dodging
 + Level 2.4 Stealth
 + Level 2.4 Shields
 + Level 1.1 Evocations


You had 7 spell levels left.
You didn't know any spells.
Your spell library contained the following spells:

 Spells                   Type           Power      Damage    Failure   Level
 Gell's Gravitas          Tloc           0%         N/A       88%         3
 Lesser Beckoning         Tloc           0%         N/A       88%         3
 Teleport Other           Tloc           0%         N/A       88%         3
 Petrify                  Tmut/Erth      0%         N/A       99%         4
 Blade Hands              Tmut           0%         N/A       100%        5
 Metabolic Englaciation   Hex/Ice        0%         N/A       100%        5
 Iron Shot                Conj/Erth      0%         9d1       100%        6
 Statue Form              Tmut/Erth      0%         N/A       100%        6
 Animate Armour           Summ/Erth      Unusable   N/A       N/A         4

Dungeon Overview and Level Annotations

Branches:
Dungeon (6/15)
 Temple: D:4-7

Altars:
Fedhas
Vehumet
Wu Jian
Zin


Innate Abilities, Weirdness & Mutations

You can breathe waves of freezing cold which knock back foes.
Your icy white scales are hard. (AC +6)
You cannot fit into any form of body armour.
Your flesh is cold resistant. (rC+)
You are cold-blooded and may be slowed by cold attacks.


Message History

An orc priest comes into view. It is wielding a +2 flail of venom.
The orc priest shouts!
You hit the jelly but do no damage.
Your hands burn!
The jelly is severely wounded.
A hound comes into view.
The hound barks!
You hit the jelly.
Your hands burn!
The jelly is severely wounded.
You block the jelly's attack.
You hit the jelly but do no damage. The acid corrodes you!
Your hands burn!
You tail-slap the jelly.
The jelly is almost dead.
You hit the jelly but do no damage.
Your hands burn!
The jelly is almost dead.
The jelly misses you.
You hit the jelly but do no damage.
Your hands burn!
* * * LOW HITPOINT WARNING * * *
The jelly is almost dead.
You block the jelly's attack.
The orc priest hits you with a +2 flail of venom!
* * * LOW HITPOINT WARNING * * *
You are lethally poisoned!
A red film seems to cover your vision as you go berserk!
You feel yourself moving faster!
You feel mighty!
* * * LOW HITPOINT WARNING * * *
You feel very sick. You block the jelly's attack. The hound barely misses you.
You block the orc priest's attack.
You hit the jelly but do no damage.
Your hands burn!
* * * LOW HITPOINT WARNING * * *
The jelly is almost dead.
* * * LOW HITPOINT WARNING * * *
You feel sick. The hound bites you.
* * * LOW HITPOINT WARNING * * *
The jelly misses you. The orc priest barely misses you.
You puncture the jelly!
You kill the jelly!
Trog accepts your kill. The hound bites you.
You die...

..........# ##....#
..........###.....
..........##...#
##..####.......# ###
###'####......$# ..
.....#......#.....#
.....#......#.###?# ###.
#########...#....o#.....
##..#..........#@.$..#
....#......###.#h###.#
....#..........#..?..#
....'.......#.....#.....
....#.......#.###[# ###.
#####†).)...#.. .#
....†.###......# ..
......# #..###.# ###
..<...# #.... .#


You could see a hound and an orc priest.

Vanquished Creatures
  Menkaure (D:5)
  An ice beast (D:5)
  An orc warrior (D:5)
  A sky beast (D:6)
  A black bear (D:6)
  2 ogres
  2 phantoms
  A bullfrog (D:6)
  A necrophage (D:5)
  A howler monkey (D:6)
  3 hounds
  2 orc priests (D:5)
  A gnoll bouda (D:4)
  A jelly (D:6)
  3 iguanas (D:5)
  3 orc wizards
  8 gnolls
  11 adders
  2 white imps
  A worm (D:4)
  6 dart slugs
  16 orcs
  7 ball pythons
  2 endoplasms (D:3)
  4 giant cockroaches
  9 goblins
  6 hobgoblins
  3 quokkas
  8 bats
  3 frilled lizards
  4 kobolds
  4 rats
119 creatures vanquished.

Vanquished Creatures (others)
  4 plants (D:4)
4 creatures vanquished.

Grand Total: 123 creatures vanquished

Notes
Turn   | Place    | Note
-------+----------+-------------------------------------------
     0 | D:1      | dombo the Draconian Berserker began the quest for the Orb.
     0 | D:1      | Reached XP level 1. HP: 19/19 MP: 1/1
   201 | D:1      | Reached XP level 2. HP: 23/26 MP: 2/2
   757 | D:1      | Found a faded altar of an unknown god.
   875 | D:1      | Reached XP level 3. HP: 33/33 MP: 3/3
   978 | D:2      | Reached ** piety under Trog
  1041 | D:2      | Found an ornate altar of the Wu Jian Council.
  1762 | D:2      | Reached XP level 4. HP: 40/40 MP: 4/4
  1854 | D:2      | You are sucked into a shaft and drop 1 floor!
  2717 | D:3      | Reached XP level 5. HP: 43/47 MP: 5/5
  2937 | D:4      | Found a blossoming altar of Fedhas.
  3178 | D:4      | Noticed a phantom
  3196 | D:4      | Killed a phantom
  3315 | D:4      | Reached skill level 1 in Shields
  3326 | D:4      | Reached XP level 6. HP: 53/53 MP: 6/6
  3405 | D:4      | Found Zin's Purification Station.
  3406 | D:4      | Found a glowing silver altar of Zin.
  3440 | D:4      | Bought a potion of curing for 90 gold pieces
  3462 | D:4      | Found a radiant altar of Vehumet.
  4058 | D:5      | Entered Level 5 of the Dungeon
  4075 | D:5      | Reached skill level 5 in Axes
  4084 | D:5      | Reached skill level 1 in Stealth
  4363 | D:5      | Noticed Menkaure
  4433 | D:5      | Reached *** piety under Trog
  4441 | D:5      | Reached skill level 1 in Short Blades
  4468 | D:5      | Your scales start taking on an icy white colour.
  4468 | D:5      | Reached XP level 7. HP: 60/60 MP: 7/7
  4468 | D:5      | Gained mutation: Your flesh is cold resistant. (rC+) [White
                  | Draconian growth]
  4757 | D:5      | Reached skill level 1 in Evocations
  4847 | D:5      | Reached skill level 5 in Fighting
  5071 | D:5      | Killed Menkaure
  5356 | D:5      | Reached XP level 8. HP: 56/68 MP: 8/8
  5569 | D:5      | HP: 2/68 [orc warrior/+0 mace (7)]
  5578 | D:5      | Reached skill level 5 in Dodging
  6219 | D:6      | Reached skill level 5 in Short Blades
  6322 | D:6      | HP: 5/103 [acid (4)]
  6322 | D:6      | HP: 2/103 [hound (2)]
  6323 | D:6      | Slain by a hound

Illustrated notes

Levels and vault maps discovered:
D:1:      minmay_arrival_widening_spiral_wide, layout_rooms,
          hellmonk_ecumenical_altar_leap_of_faith
D:2:      wad_pebble_path, layout_basic, basic_altar
D:3:      layout_loops_cross
D:4:      layout_basic, mainiacjoe_overflow_chevrons, fedhas_altar_1, zin_purify
D:5:      layout_loops_ring, uniq_menkaure
D:6:      hangedman_cross_stitches, layout_gridville,
          minmay_temple_entry_proselytizer

Skill      XL: |  1  2  3  4  5  6  7  8 |
---------------+-------------------------+-----
Dodging        | 3 4 5 |  5.7
Fighting       | 4 5 |  5.6
Axes           | 4 5 |  5.0
Shields        | 1 2 |  2.4
Stealth        | 1 2 |  2.4
Short Blades   | 1 4 5 |  5.8
Evocations     | 1 |  1.1

Action                   |  1- 3 |  4- 6 |  7- 9 || total
-------------------------+-------+-------+-------++-------
Melee: Hand axe          |   110 |   192 |       ||   302
       Tailslap          |     7 |    36 |    35 ||    78
       Short sword       |       |   102 |   242 ||   344
Invok: Berserk           |       |     1 |     4 ||     5
 Abil: Breathe Frost     |       |       |     1 ||     1
Evoke: Wand              |       |     1 |     2 ||     3
  Use: Potion            |       |     5 |       ||     5
       Scroll            |       |     3 |     1 ||     4
 Stab: Sleeping          |     1 |     5 |     1 ||     7
Armor: Skin              |    44 |    96 |    44 ||   184
Dodge: Dodged            |   102 |   180 |   119 ||   401
Block: Buckler           |     5 |    42 |    37 ||    84
